 Dungeon Crawl Stone Soup version 0.23.2-33-g5129a83184 (webtiles) character file.

Game seed: 13516535367840641014

8 MalarOregon the Grave Robber (level 2, -1/22 HPs)
             Began as a Ghoul Necromancer on July 15, 2019.
             Slain by a kobold
             ... wielding a +0 short sword
              (2 damage)
             ... on level 1 of the Dungeon.
             The game lasted 00:00:43 (274 turns).

MalarOregon the Grave Robber (Ghoul Necromancer)     Turns: 274, Time: 00:00:44

Health: -1/22      AC:  2    Str: 11    XL:     2   Next: 8%
Magic:  0/3        EV: 12    Int: 10    God:
Gold:   0          SH:  0    Dex:  9    Spells: 3/4 levels left

rFire    . . .     SeeInvis .   (no weapon)
rCold    + . .     Gourm    .   (no shield)
rNeg     + + +     Faith    .   a - +0 robe
rPois    ∞         Spirit   .   (no helmet)
rElec    .         Reflect  .   (no cloak)
rCorr    .         Harm     .   (no gloves)
MR       .....                  (no boots)
Stlth    ++........             (no amulet)
HPRegen  0.00/turn              (no ring)
MPRegen  0.08/turn              (no ring)

@: rotting
A: rotting body, claws 1, carnivore, cold resistance 1, negative energy
resistance 3, inhibited regeneration, torment resistance, unbreathing
a: no special abilities


You were on level 1 of the Dungeon.
You were not hungry.

You visited 1 branch of the dungeon, and saw 1 of its levels.

Inventory:

Armour
 a - a +0 robe (worn)
Scrolls
 f - a scroll of identify {unknown}
Potions
 b - a potion of heal wounds {unknown}
 d - a potion of curing {unknown}


   Skills:
 + Level 0.6 Fighting
 + Level 2.0 Dodging
 - Level 2.1 Stealth
 + Level 1.9 Spellcasting
 + Level 4.1 Necromancy


You had 3 spell levels left.
You knew the following spells:

 Your Spells              Type           Power        Failure   Level  Hunger
a - Pain                  Necr           #...         6%          1    ##.....

Your spell library contained the following spells:

 Spells                   Type           Power        Failure   Level  Hunger
 Animate Skeleton         Necr           N/A          6%          1    ##.....
 Vampiric Draining        Necr           #.........   17%         3    ####...
 Regeneration             Chrm/Necr      #.........   38%         3    ####...
 Animate Dead             Necr           N/A          50%         4    #####..


Dungeon Overview and Level Annotations

Branches:
Dungeon (1/15)

Altars:


Innate Abilities, Weirdness & Mutations

Your body is rotting away.
You thrive on raw meat.
You are immune to poison.
You have sharp fingernails.
You are carnivorous and can eat meat at any time.
Your flesh is cold resistant. (rC+)
You are immune to negative energy. (rN+++)
You do not regenerate when monsters are visible.
You are immune to unholy pain and torment.
You can survive without breathing.


Message History

You don't have enough magic to cast that spell.
Unknown command.
The dart slug launches a dart at you. The slug dart misses you.
You see here a gluggy blue potion.
You barely miss the hobgoblin. The hobgoblin hits you with a +0 club.
* * * LOW HITPOINT WARNING * * *
Eat one of 5 chunks of flesh? (ye/n/q)
You eat one of the 5 chunks of flesh.
This raw flesh tastes great!
The hobgoblin barely misses you.
Eat one of 4 chunks of flesh? (ye/n/q)
You eat one of the 4 chunks of flesh.
This raw flesh tastes great!
The hobgoblin hits you with a +0 club.
Eat one of 3 chunks of flesh? (ye/n/q)
You eat one of the 3 chunks of flesh.
This raw flesh tastes great!
The hobgoblin hits you with a +0 club.
All of the chunks of flesh in your inventory have rotted away.
You eat the ration {!d}.
That ration really hit the spot!
The hobgoblin hits you with a +0 club.
Aim: a hobgoblin, wielding a +0 club (chance to defeat MR: 76%)
The hobgoblin writhes in agony.
The hobgoblin hits you with a +0 club.
You don't have enough magic to cast that spell.
You scratch the hobgoblin but do no damage.
The hobgoblin hits you but does no damage.
You barely miss the hobgoblin. The hobgoblin closely misses you.
You completely miss the hobgoblin. You closely miss the hobgoblin.
The hobgoblin hits you with a +0 club.
You scratch the hobgoblin but do no damage.
The hobgoblin hits you but does no damage.
You scratch the hobgoblin but do no damage.
The hobgoblin hits you with a +0 club.
* * * LOW HITPOINT WARNING * * *
You scratch the hobgoblin but do no damage.
The hobgoblin barely misses you.
You scratch the hobgoblin. The hobgoblin hits you with a +0 club.
* * * LOW HITPOINT WARNING * * *
You closely miss the hobgoblin. The hobgoblin closely misses you.
You scratch the hobgoblin but do no damage.
The hobgoblin barely misses you.
You barely miss the hobgoblin.
The hobgoblin hits you but does no damage.
Aim: a hobgoblin, wielding a +0 club (heavily wounded, chance to defeat MR: 76%)
The hobgoblin writhes in agony.
You kill the hobgoblin!
Your Dodging skill increases to level 2!
You scratch the kobold. The kobold closely misses you.
You closely miss the kobold. The kobold barely misses you.
You closely miss the kobold.
The kobold hits you with a +0 short sword.
You die...

...####.................#
....................#..
###......##.........###.
..................#$$#..
.......#..####.#!###...#
..##..# #.## #...#...###
..##..###..#####w..###
...)÷....#..####K###
..##...#.##...##@#
..####...........# ..#
#####.......# ..#
####....# ..# ###..# ..#
#..# ### #..# #..# #..#


You could see a dart slug and a kobold.

Vanquished Creatures
  A bat (D:1)
  A hobgoblin (D:1)
  3 jackals (D:1)
  A kobold (D:1)
6 creatures vanquished.

Notes
Turn   | Place    | Note
-------+----------+-------------------------------------------
     0 | D:1      | MalarOregon the Ghoul Necromancer began the quest for the
                  | Orb.
     0 | D:1      | Reached XP level 1. HP: 14/14 MP: 2/2
   244 | D:1      | Reached XP level 2. HP: 10/22 MP: 1/3
   267 | D:1      | HP: 1/22 [hobgoblin/+0 club (6)]
   274 | D:1      | Slain by a kobold

Skill      XL: |  1  2 |
---------------+-------+-----
Dodging        | 2 |  2.0
Fighting       | |  0.6
Stealth        | |  2.1
Spellcasting   | |  1.9
Necromancy     | |  4.1

Action                   || total
-------------------------++-------
Melee: Unarmed           ||    32
 Cast: Pain              ||     4
  Eat: Chunk             ||     3
       Ration            ||     1
Armor: Robe              ||    11
Dodge: Dodged            ||    24
